 Dungeon Crawl Stone Soup version 0.28.0-53-g5a82cb258f (webtiles) character file.

Game seed: 10375025318498387617

2682 cbfl8 the Cleaver (level 9, -4/118 HPs)
             Began as a Minotaur Berserker on July 26, 2022.
             Was an Elder of Trog.
             Slain by an orc warrior
             ... wielding a +0 broad axe
              (9 damage)
             ... in a bailey.
             The game lasted 00:05:31 (5804 turns).

cbfl8 the Cleaver (Minotaur Berserker)              Turns: 5804, Time: 00:05:32

Health: -4/118     AC: 24    Str: 26 (28) XL:     9   Next: 37%
Magic:  8/8        EV:  2    Int:  3 (4)  God:    Trog [****..]
Gold:   369        SH:  3    Dex: 11 (14) Spells: 8/8 levels left

rFire   + + .      SeeInvis .   n - +2 war axe (vamp)
rCold   + . .      Faith    .   y - +0 buckler {rF+}
rNeg    . . .      Spirit   .   (armour currently unavailable)
rPois   +          Reflect  .   (helmet currently unavailable)
rElec   +          Harm     .   (cloak currently unavailable)
rCorr   +          Rampage  .   (gloves currently unavailable)
Will    .....      NoTele   +   (boots currently unavailable)
Stlth   ++........              (no amulet)
HPRegen 0.29/turn               j - ring of poison resistance
MPRegen 0.11/turn               u - +6 ring of strength

@: brilliant, tree-form, resistant, hasted, very quick
A: stationary, stasis, torment immunity, boosted hp, (horns 2), (retaliatory
headbutt)
a: Renounce Religion, Berserk, Trog's Hand, Brothers in Arms


You were in a bailey.
You worshipped Trog.
Trog was greatly pleased with you.
You were a tree.
You visited 1 branch of the dungeon, and saw 7 of its levels.
You also visited: Bailey.

You collected 369 gold pieces.

Inventory:

Hand Weapons
 a - a +0 hand axe
 n - a +2 vampiric war axe (weapon)
 q - a +0 battleaxe
 r - the +5 whip of the Equinox {spect, rPois Will+ Int+3}
   (You found it on level 4 of the Dungeon)

   When its wielder attacks, the weapon's spirit leaps out and strikes again.
   The spirit shares a part of any damage it takes with its wielder.
   Int:       It affects your intelligence (+3).
   rPois:     It protects you from poison.
   Will:      It increases your willpower.
Armour
 b - a +0 animal skin
 h - a +0 ring mail
 m - a +0 chain mail (melded)
 y - a +0 buckler of fire resistance (worn)
Jewellery
 i - an amulet of magic regeneration
 j - a ring of poison resistance (left branch)
 u - a +6 ring of strength (right branch)
 A - a +4 ring of evasion
Wands
 x - a wand of iceblast (7) (quivered)
Scrolls
 d - 4 scrolls of identify {unknown}
 e - a scroll of immolation {unknown}
 f - 3 scrolls of teleportation {unknown}
 k - 4 scrolls of enchant weapon {unknown}
 l - a scroll of summoning {unknown}
 p - 2 scrolls of noise {unknown}
 w - 2 scrolls of magic mapping {unknown}
 z - 2 scrolls of fog {unknown}
 B - 4 scrolls of enchant armour {unknown}
Potions
 c - a potion of flight {unknown}
 g - a potion of degeneration


   Skills:
 * Level 7.4 Fighting
 + Level 9.5 Axes
 + Level 5.8 Armour
 * Level 5.9 Dodging
 * Level 3.8 Stealth
 + Level 0.9 Shields
 * Level 3.3 Evocations


You had 8 spell levels left.
You didn't know any spells.
Your spell library was empty.

Dungeon Overview and Level Annotations

Branches:
Dungeon (7/15)             Bailey (1/1)
 Temple: D:4-7

Altars:
Dithmenos
Hepliaklqana
Nemelex Xobeh
Beogh

Shops:
D:5 =

Annotations:
D:4 3 runed translucent doors, Soldner's ghost, amateur KoBr
D:6 3 runed translucent doors, LustLizard's ghost, novice MiBe


Innate Abilities, Weirdness & Mutations

You are a tree.
Your roots penetrate the ground, keeping you stationary.
You cannot be teleported.
You are immune to unholy pain and torment.
Your maximum health is greatly increased.
Your equipment is partially melded.
((You have a pair of horns on your head.))
((You reflexively headbutt those who attack you in melee.))


Message History

You hit the orc warrior.
The orc warrior is severely wounded.
The orc warrior barely misses you.
You slash the orc warrior!
You kill the orc warrior!
Trog accepts your kill.
The orc warrior hits you with a +0 broad axe!
You hit the orc warrior but do no damage.
You headbutt the orc warrior!
The orc warrior is moderately wounded.
The orc warrior hits you with a +0 broad axe!
You closely miss the orc warrior. Your headbutt misses the orc warrior.
The orc warrior is moderately wounded.
The orc warrior hits you with a +0 broad axe!
You closely miss the orc warrior.
The orc warrior is moderately wounded.
The orc warrior hits you with a +0 broad axe!
* * * LOW HITPOINT WARNING * * *
You completely miss the orc warrior. You headbutt the orc warrior!
The orc warrior is severely wounded.
The orc warrior hits you with a +0 broad axe!
* * * LOW HITPOINT WARNING * * *
It was a potion of degeneration.
There was something very wrong with that liquid.
You feel weakened.
You feel dopey.
You feel clumsy. The orc warrior closely misses you.
It was a potion of resistance.
You feel protected.
The orc warrior hits you with a +0 broad axe.
* * * LOW HITPOINT WARNING * * *
It was a potion of brilliance.
You feel clever all of a sudden. The orc warrior barely misses you.
It was a potion of lignification.
You turn into a tree.
Your +0 chain mail melds into your body.
Your roots penetrate the ground.
The orc warrior hits you but does no damage.
It was a potion of haste.
You feel yourself speed up.
The orc warrior hits you with a +0 broad axe!
You die...

........!# .......$
....8.. #..... #....
#♣ ... #.♣ #o###..♣♣
#♣≈≈≈...♣ #.≈≈≈...♣
#.≈≈≈...∩ #.≈≈≈...♣
#≈..8...8..≈#.≈≈≈...♣
#≈.........≈#'###..♣♣
.. ≈|!8..o8!) #...##.♣
..# ≈≈#####≈ ##....##♣
...####...####......##


You could see an orc warrior.

Vanquished Creatures
  Grinder (D:3)
  Prince Ribbit (D:5)
  A wyvern (D:6)
  A water moccasin (D:5)
  A sky beast (D:5)
  An orc warrior (Bailey)
  Duvessa (D:5)
  2 ice beasts
  A black bear (D:5)
  3 ogres
  2 necrophages
  A kobold brigand (D:5)
  A scorpion (D:4)
  Dowan (D:5)
  A water moccasin skeleton (D:5)
  A howler monkey (D:5)
  2 bullfrog zombies (D:5)
  2 jellies
  3 orc priests
  4 hounds
  Ijyb (D:3)
  A bullfrog skeleton (D:6)
  An iguana (D:6)
  5 orc wizards
  A hound skeleton (D:2)
  5 adders
  7 gnolls
  A white imp (D:5)
  An adder zombie (D:3)
  2 adder skeletons (D:3)
  A worm (D:5)
  16 orcs
  4 ball pythons
  7 endoplasms
  4 giant cockroaches
  9 hobgoblins
  8 jackals
  4 quokkas
  4 bats
  5 frilled lizards
  11 goblins
  17 kobolds
  3 rats
149 creatures vanquished.

Vanquished Creatures (others)
  A fungus (D:2)
  A plant (D:2)
2 creatures vanquished.

Grand Total: 151 creatures vanquished

Notes
Turn   | Place    | Note
-------+----------+-------------------------------------------
     0 | D:1      | cbfl8 the Minotaur Berserker began the quest for the Orb.
     0 | D:1      | Reached XP level 1. HP: 19/19 MP: 0/0
   145 | D:1      | Reached skill level 4 in Axes
   145 | D:1      | Reached XP level 2. HP: 25/27 MP: 1/1
   632 | D:1      | Reached ** piety under Trog
   661 | D:1      | Reached XP level 3. HP: 30/33 MP: 2/2
  1169 | D:2      | Reached XP level 4. HP: 36/40 MP: 3/3
  1502 | D:2      | Reached skill level 5 in Axes
  1555 | D:2      | Found a faded altar of an unknown god.
  1729 | D:2      | You fall into a shaft and drop 2 floors!
  1729 | D:4      | Noticed a necrophage
  1734 | D:4      | Killed a necrophage
  1735 | D:4      | Reached XP level 5. HP: 44/47 MP: 4/4
  1772 | D:4      | Reached skill level 5 in Fighting
  1772 | D:4      | Reached skill level 1 in Stealth
  1798 | D:4      | Found a hazy altar of Hepliaklqana.
  1798 | D:4      | Noticed an ogre
  1799 | D:4      | Found a sparkling altar of Nemelex Xobeh.
  1804 | D:4      | Killed an ogre
  1805 | D:4      | Reached XP level 6. HP: 48/56 MP: 5/5
  2092 | D:4      | Found a shadowy altar of Dithmenos.
  2350 | D:4      | Found a runed translucent gate.
  2350 | D:4      | Noticed Soldner's ghost (amateur KoBr)
  2352 | D:4      | Found a runed translucent gate.
  2356 | D:4      | Identified the +8 hand axe "Ymixt" {antimagic, *Noise
                  | Dex+6}
  2356 | D:4      | Identified the +1 leather armour of Verdant Life {-Cast
                  | -Tele Fly rF+++}
  2381 | D:4      | Found a runed translucent gate.
  2442 | D:4      | Identified the +5 whip of the Equinox {spect, rPois Will+
                  | Int+3}
  2538 | D:3      | Noticed Grinder
  2554 | D:3      | Killed Grinder
  2555 | D:3      | Reached skill level 6 in Axes
  2555 | D:3      | Reached XP level 7. HP: 43/61 MP: 6/6
  2786 | D:3      | Reached *** piety under Trog
  3284 | D:3      | Noticed Ijyb
  3290 | D:3      | Killed Ijyb
  3291 | D:3      | Reached skill level 7 in Axes
  3778 | D:5      | Entered Level 5 of the Dungeon
  3788 | D:5      | Noticed Prince Ribbit
  3805 | D:5      | Killed Prince Ribbit
  3818 | D:5      | Noticed Duvessa
  3818 | D:5      | Noticed Dowan
  3824 | D:5      | Killed Duvessa
  3825 | D:5      | Reached skill level 1 in Evocations
  3825 | D:5      | Reached XP level 8. HP: 41/70 MP: 7/7
  3834 | D:5      | Killed Dowan
  3835 | D:5      | Reached skill level 5 in Dodging
  3869 | D:5      | Reached skill level 8 in Axes
  3869 | D:5      | Reached skill level 5 in Armour
  4607 | D:5      | Reached XP level 9. HP: 77/78 MP: 8/8
  4737 | D:5      | Found Ciassa's Jewellery Emporium.
  4925 | D:6      | Reached skill level 9 in Axes
  4926 | D:6      | Reached **** piety under Trog
  5294 | D:6      | Found a runed translucent gate.
  5294 | D:6      | Found a runed translucent gate.
  5294 | D:6      | Found a runed translucent gate.
  5294 | D:6      | Noticed LustLizard's ghost (novice MiBe)
  5731 | D:7      | Found a flagged portal.
  5742 | Bailey   | Entered a bailey
  5750 | Bailey   | Noticed an orc warlord
  5750 | Bailey   | Found the +8 lance "Wyrmbane" {slay drac, rPois rF+ rC+
                  | AC+3}
  5801 | Bailey   | HP: 3/79 [orc warrior/+0 broad axe (3)]
  5804 | Bailey   | Slain by an orc warrior

Illustrated notes

Levels and vault maps discovered:
D:1:      roderic_crossed_star, layout_loops_cross,
          chequers_serial_rivers_large_a
D:2:      layout_basic, shapermc_ecumenical_altar_acropolis,
          columned_hall_lemuel
D:3:      layout_basic, serial_undead, serial_undead_a, serial_undead_a,
          serial_undead_b, serial_undead_e, minmay_misc_feat_tower, uniq_ijyb,
          uniq_grinder
D:4:      layout_rooms, jmf_multi_god_temple, lemuel_tele_altar,
          biasface_ghost_orc_armoury, minmay_goblin_kobold_house
D:5:      layout_basic, serial_shops, nicolae_shop_trees, uniq_prince_ribbit1,
          uniq_duvessa
D:6:      layout_loops_ring, ebering_ghost_rock_garden
D:7:      layout_cave_pools, minmay_temple_entry_statues_pillars,
          enter_ossuary_2, serial_column_ruins, column_ruins_hut,
          column_ruins_square_medium, column_ruins_grid_4,
          column_ruins_corridor_straight, column_ruins_open_tiny,
          column_ruins_corridor_straight, column_ruins_open_large,
          enter_bailey_1, chequers_serial_rivers_micro_e, minivault_14,
          hellmonk_guarded_unrand_lears
Bailey:   bailey_axe_bossmonster_kennysheep, bailey

Skill      XL: |  1  2  3  4  5  6  7  8  9 |
---------------+----------------------------+-----
Axes           | 4 5 6 7 8 9 |  9.5
Fighting       | 4 5 6 7 |  7.4
Dodging        | 3 4 5 |  5.9
Armour         | 3 4 5 |  5.8
Stealth        | 1 2 3 |  3.8
Evocations     | 1 2 3 |  3.3
Shields        | |  0.9

Action                   |  1- 3 |  4- 6 |  7- 9 || total
-------------------------+-------+-------+-------++-------
Melee: Hand axe          |    83 |    15 |       ||    98
       Headbutt          |    12 |     7 |    41 ||    60
       Punch             |     1 |       |     3 ||     4
       War axe           |       |    47 |   193 ||   240
Invok: Berserk           |       |       |     2 ||     2
  Use: Potion            |       |       |     8 ||     8
Armor: Animal skin       |    12 |       |       ||    12
       Ring mail         |     3 |     6 |       ||     9
       Chain mail        |       |    21 |    88 ||   109
       Skin              |       |       |     1 ||     1
Dodge: Dodged            |    63 |    28 |    89 ||   180
Block: Buckler           |       |       |    23 ||    23
